AoeStats
← thomas89671173

Arena

510113069Analyzed
4v4 RM · 3d ago on Sep 29, 2026· 47m 10s· 8 players
Game mode
Random Map
Map size
Large (8 player)
Population
200
Speed
Normal
Resources
Standard
Victory
Conquest
Starting age
Dark Age
Ending age
Imperial Age
RankedLock teamsTeams togetherTeam positionsShared explorationLock speedFull tech treeHidden civsTurbo modeCheats
Victory
Defeat
🇨🇳 Persians · China
1542
+13
🇦🇷 Italians · Argentina
1449
+17
🇨🇳 Khmer · China
1446
+17
🇹🇼 Japanese · Taiwan
1395
+19
🇬🇧 Mongols · United Kingdom
1510
-18
🇸🇮 Hindustanis · Slovenia
1487
-17
🇨🇳 Inca · China
1452
-16
🇪🇸 Berbers · Spain
1431
-15
Eye
10:28 Feudal Age
14:42 Castle Age
12:30 Double-Bit Axe
12:26 Horse Collar
24:07 Loom
27:00 Imperial Age
24:53 Scale Barding Armor
25:04 Bow Saw
24:46 Gold Mining
25:05 Heavy Plow
25:50 Stone Mining
26:12 Scale Barding Armor
27:31 Heavy Camel Rider
28:22 Bloodlines
28:13 Husbandry
28:34 Chain Barding Armor
28:25 Forging
30:13 Wheelbarrow
30:31 Plate Barding Armor
30:28 Imperial Camel Rider
32:23 Iron Casting
32:19 Hand Cart
33:54 Conscription
35:09 Chemistry
36:18 Blast Furnace
37:43 Padded Archer Armor
43:45 Gold Shaft Mining
43:53 Town Watch
43:54 Light Cavalry
45:35 Elite Skirmisher
46:22 Thumb Ring
46:33 Leather Archer Armor
46:10 Fletching
[KBRA] Carrascorno
10:43 Feudal Age
14:27 Castle Age
12:22 Double-Bit Axe
12:44 Horse Collar
15:22 Bow Saw
15:12 Heavy Plow
16:34 Stone Mining
19:16 Gold Mining
23:16 Wheelbarrow
26:36 Imperial Age
23:55 Loom
24:25 Fletching
25:07 Padded Archer Armor
25:14 Husbandry
25:29 Bodkin Arrow
26:23 Ballistics
26:11 Kasbah
26:33 Thumb Ring
28:24 Chemistry
28:09 Conscription
27:57 Bracer
30:01 Siege Engineers
30:19 Leather Archer Armor
31:28 Bloodlines
32:17 Ring Archer Armor
32:50 Hand Cart
32:44 Elite Camel Archer
34:37 Scale Barding Armor
35:45 Forging
35:56 Chain Barding Armor
35:05 Elite Genitour
36:14 Forging
36:46 Maghrebi Camels
40:37 Chain Barding Armor
40:53 Iron Casting
44:47 Guilds
45:13 Plate Barding Armor
46:47 Coinage
Fac Et Spera
7:36 Feudal Age
5:55 Loom
8:56 Fletching
9:50 Double-Bit Axe
13:40 Horse Collar
21:35 Castle Age
20:41 Stone Mining
22:00 Town Watch
22:49 Bow Saw
23:36 Wheelbarrow
23:21 Heavy Plow
26:18 Gold Mining
27:36 Hand Cart
28:09 Bodkin Arrow
29:49 Gold Shaft Mining
34:04 Imperial Age
32:42 Ballistics
35:06 Siege Engineers
35:27 Conscription
35:31 Fortified Wall
35:34 Bracer
36:37 Chemistry
35:14 Onager
37:42 Chemistry
38:10 Siege Onager
38:57 Light Cavalry
39:39 Husbandry
39:50 Bloodlines
40:09 Hussar
41:00 Scale Barding Armor
41:06 Forging
43:41 Chain Barding Armor
45:05 Iron Casting
play for fun
10:28 Feudal Age
14:08 Castle Age
12:12 Double-Bit Axe
12:43 Horse Collar
14:50 Town Watch
21:21 Loom
23:10 Wheelbarrow
28:06 Imperial Age
25:51 Heavy Plow
26:08 Bow Saw
25:52 Gold Mining
27:01 Masonry
26:58 Fletching
27:41 Bodkin Arrow
28:07 Ballistics
28:55 Hand Cart
28:42 Padded Archer Armor
28:15 Crossbowman
28:30 Pikeman
29:10 Squires
29:59 Fortified Wall
29:25 Halberdier
30:18 Scale Mail Armor
31:23 Chain Mail Armor
32:43 Plate Mail Armor
33:09 Forging
33:25 Heavy Scorpion
35:07 Siege Engineers
35:22 Capped Ram
37:24 Chemistry
36:54 Elite Skirmisher
38:30 Bracer
38:45 Leather Archer Armor
38:45 Thumb Ring
42:50 Ring Archer Armor
45:01 Iron Casting
44:38 Heavy Plow
45:58 Siege Ram
Imrik
5:24 Loom
9:51 Feudal Age
8:16 Loom
10:07 Feudal Age
14:04 Castle Age
12:39 Double-Bit Axe
17:46 Wheelbarrow
25:40 Horse Collar
27:26 Gold Mining
28:45 Stone Mining
29:41 Hand Cart
30:05 Heavy Plow
30:19 Bow Saw
30:30 Fletching
30:40 Padded Archer Armor
31:52 Bodkin Arrow
32:22 Ballistics
32:11 Padded Archer Armor
36:19 Imperial Age
34:27 Thumb Ring
35:03 Silk Road
35:05 Treadmill Crane
35:46 Leather Archer Armor
36:04 Town Watch
37:31 Conscription
37:50 Conscription
37:43 Bracer
38:14 Ring Archer Armor
38:45 Chemistry
39:02 Two-Man Saw
38:00 Elite Genoese Crossbowman
39:44 Pirotechnia
40:30 Hoardings
43:06 Bloodlines
42:57 Husbandry
42:17 Light Cavalry
43:27 Scale Barding Armor
43:32 Forging
43:22 Hussar
45:45 Chain Barding Armor
46:00 Iron Casting
Mllento
10:42 Feudal Age
13:43 Castle Age
11:56 Double-Bit Axe
11:52 Horse Collar
14:43 Bow Saw
22:11 Wheelbarrow
21:23 Town Watch
22:07 Gold Mining
22:26 Heavy Plow
23:52 Gold Shaft Mining
23:25 Stone Mining
23:45 Loom
27:05 Imperial Age
24:52 Hand Cart
25:54 Stone Shaft Mining
26:02 Husbandry
26:12 Bloodlines
26:46 Scale Barding Armor
26:52 Forging
27:27 Elite Battle Elephant
28:28 Chain Barding Armor
29:39 Iron Casting
29:23 Devotion
28:54 Capped Ram
30:36 Crop Rotation
31:10 Plate Barding Armor
32:42 Blast Furnace
31:17 Siege Ram
32:44 Tusk Swords
34:08 Conscription
34:29 Coinage
34:20 Fletching
37:49 Hoardings
38:05 Bodkin Arrow
38:11 Scale Mail Armor
38:12 Padded Archer Armor
38:29 Masonry
38:30 Fortified Wall
40:21 Light Cavalry
41:16 Hussar
44:17 Banking
46:00 Caravan
啥牌子的
10:22 Feudal Age
14:15 Castle Age
12:22 Double-Bit Axe
12:46 Horse Collar
15:06 Bow Saw
15:02 Heavy Plow
16:42 Wheelbarrow
17:33 Loom
22:28 Hand Cart
27:12 Imperial Age
24:29 Town Watch
24:57 Stone Mining
25:11 Gold Mining
26:43 Scale Barding Armor
27:42 Gold Shaft Mining
26:50 Cavalier
27:31 Husbandry
27:41 Bloodlines
27:52 Chain Barding Armor
27:43 Forging
28:19 Savar
30:02 Plate Barding Armor
30:22 Iron Casting
33:10 Stone Shaft Mining
34:16 Blast Furnace
34:20 Two-Man Saw
33:51 Crop Rotation
34:42 Conscription
35:43 Town Patrol
35:40 Light Cavalry
36:45 Citadels
37:11 Hoardings
36:28 Fletching
36:29 Elite War Elephant
37:12 Bodkin Arrow
44:56 Coinage
44:26 Caravan
thomas89671173
11:24 Feudal Age
15:08 Castle Age
13:10 Double-Bit Axe
13:07 Horse Collar
16:36 Bow Saw
17:19 Wheelbarrow
17:38 Loom
23:58 Imperial Age
22:49 Fletching
24:01 Bodkin Arrow
24:19 Crossbowman
26:34 Arbalester
28:31 Bracer
29:28 Scale Mail Armor
29:30 Padded Archer Armor
32:59 Thumb Ring
34:50 Chemistry
34:11 Ballistics
38:26 Kataparuto
40:17 Leather Archer Armor
45:11 Elite Skirmisher
46:21 Conscription
46:51 Ring Archer Armor
Connection lost

Rejoining the realm…

Still unreachable

The connection could not be restored.

Session expired

The server has moved on; the page needs a fresh start.